 Dungeon Crawl Stone Soup version 0.27-a0-978-g2aa4ecdaef (webtiles) character file.

Game seed: 3993083002193486981

26554 robertstho the Grappler (level 12, -11/113 HPs)
             Began as a Troll Delver on Apr 14, 2021.
             Was an Initiate of Gozag.
             Mangled by a reaper
             ... wielding a +1 scythe of venom
              (39 damage)
             ... in a Gauntlet.
             The game lasted 00:22:50 (12645 turns).

robertstho the Grappler (Troll Delver)             Turns: 12645, Time: 00:22:52

Health: -11/113    AC:  8    Str: 27    XL:     12   Next: 99%
Magic:  20/20      EV: 11    Int:  6    God:    Gozag
Gold:   1379       SH: 19    Dex: 17    Spells: 11/11 levels left

rFire    + . .     SeeInvis .     - Unarmed
rCold    + + .     Faith    .   h - +2 tower shield {rC+}
rNeg     + . .     Spirit   .   I - +1 robe "Xutuxkoc" {-Cast +Inv rC+ MP+9}
rPois    +         Reflect  .   (helmet restricted)
rElec    .         Harm     .   x - +2 cloak {rPois}
rCorr    .         Rampage  .   (gloves unavailable)
Will     .....     NoTele   +   (boots unavailable) Stlth +++.......NoCast +
                                G - amulet of regeneration
HPRegen  2.28/turn              e - +6 ring of dexterity
MPRegen  0.17/turn              J - ring of Igimen {rPois rF+ rN+ Slay+2 Stlth-}

@: lethally poisoned (-11 -> -12), gold aura
A: large, unfitting armour, claws 3, regeneration 1, shaggy fur 1, tough skin 1
a: Renounce Religion, Evoke Invisibility, Potion Petition, Call Merchant, Bribe
Branch


You were in a Gauntlet.
You worshipped Gozag.
Gozag was most pleased with you.
You visited 2 branches of the dungeon, and saw 16 of its levels.
You also visited: Ossuary and Gauntlet.

You collected 2691 gold pieces.
You spent 788 gold pieces at shops.
You paid 524 gold pieces to Gozag.

Inventory:

Hand Weapons
 C - the +9 great sword "Ryath" {elec, +Blink}
   (You bought it in a shop on level 12 of the Dungeon)

   Occasionally, upon striking a foe, it can discharge electrical energy and
   cause terrible harm.
   It lets you blink.
Missiles
 t - 12 large rocks (quivered)
 H - 7 curare-tipped darts
Armour
 h - a +2 tower shield of cold resistance (worn)
 u - the +1 cloak of Yredelemnul's Delight {Will++ Int+4}
   (You found it on level 6 of the Dungeon)

   It affects your intelligence (+4).
   It greatly increases your willpower.
 x - a +2 cloak of poison resistance (worn)
 I - the +1 robe "Xutuxkoc" (worn) {-Cast +Inv rC+ MP+9}
   (You found it on level 10 of the Dungeon)

   It protects you from cold.
   It affects your magic capacity (+9).
   It lets you turn invisible.
   It prevents spellcasting.
Jewellery
 e - a +6 ring of dexterity (left claw)
 y - the ring of the Mage {Wiz Will++ Int+3}
   (You found it on level 14 of the Dungeon)

   [ring of wizardry]

   It improves your spell success rate.
   It affects your intelligence (+3).
   It greatly increases your willpower.
 A - an amulet of the acrobat
 G - an amulet of regeneration (around neck)
 J - the ring of Igimen (right claw) {rPois rF+ rN+ Slay+2 Stlth-}
   (You acquired it on level 10 of the Dungeon)

   [ring of poison resistance]

   It affects your accuracy and damage with ranged weapons and melee attacks
   (+2).
   It protects you from fire.
   It protects you from poison.
   It protects you from negative energy.
   It makes you less stealthy.
 K - a ring of protection from fire
Wands
 f - a wand of digging (10)
 F - a wand of iceblast (14)
Scrolls
 b - 3 scrolls of fog
 c - 2 scrolls of magic mapping
 d - 4 scrolls of fear
 j - a scroll of summoning
 l - 8 scrolls of teleportation
 r - a scroll of enchant armour
 D - a scroll of enchant weapon
 E - a scroll of holy word
 L - 2 scrolls of immolation
Potions
 a - a potion of ambrosia
 g - 8 potions of curing
 i - 2 potions of lignification
 k - 7 potions of mutation
 m - a potion of brilliance
 n - 4 potions of flight
 o - 2 potions of degeneration
 p - 2 potions of magic
 q - 2 potions of heal wounds
 s - a potion of cancellation
 v - a potion of might
 w - 4 potions of attraction
 z - a potion of haste
 M - a potion of resistance
Miscellaneous
 B - a tin of tremorstones (inert)


   Skills:
 + Level 5.9 Fighting
 + Level 0.9 Throwing
 + Level 7.8 Dodging
 + Level 6.7 Stealth
 + Level 6.6 Shields
 + Level 14.2 Unarmed Combat
 + Level 0.9 Evocations


You had 11 spell levels left.
You didn't know any spells.
Your spell library contained the following spells:

 Spells                   Type           Power      Damage    Failure   Level
 Freeze                   Ice            0%         1d3       96%         1
 Sting                    Tmut/Pois      0%         1d3       96%         1
 Poisonous Vapours        Pois/Air       0%         N/A       99%         2
 Frozen Ramparts          Ice            0%         1d2       100%        3
 Ignite Poison            Fire/Tmut/Pois 0%         N/A       100%        3
 Mephitic Cloud           Conj/Pois/Air  0%         N/A       100%        3
 Ozocubu's Armour         Ice            0%         N/A       100%        3
 Hailstorm                Conj/Ice       0%         3d3       100%        4
 Ice Form                 Ice/Tmut       0%         N/A       100%        4
 Olgreb's Toxic Radiance  Pois           0%         N/A       100%        4
 Summon Ice Beast         Ice/Summ       0%         N/A       100%        4
 Metabolic Englaciation   Hex/Ice        0%         N/A       100%        5
 Freezing Cloud           Conj/Ice/Air   0%         6-21      100%        6
 Simulacrum               Ice/Necr       0%         N/A       100%        6
 Ozocubu's Refrigeration  Ice            0%         4d5       100%        7


Dungeon Overview and Level Annotations

Branches:
Dungeon (15/15)            Temple (1/1) D:5            Lair (0/6) D:10
    Orc (0/2) D:12         Vaults (0/5) D:13        Ossuary (visited)
Gauntlet (1/1)
 Depths: D:15

Altars:
Ashenzari
Cheibriados
Dithmenos
Elyvilon
Fedhas
Gozag
Hepliaklqana
Kikubaaqudgha
Makhleb
Nemelex Xobeh
Okawaru
Qazlal
Ru
Sif Muna
Trog
Uskayaw
Vehumet
Wu Jian
Xom
Yredelemnul
Zin
The Shining One

Shops:
D:6 (   D:10 (   D:12 (!:(::

Annotations:
D:10 exclusion: oklob plant
D:13 1 runed translucent door, exclusion: orange crystal statue Gauntlet 19 runed translucent doors, 11 transporters


Innate Abilities, Weirdness & Mutations

You are too large for most types of armour.
You have claws for hands.
Your natural rate of healing is unusually fast.
You are covered in fur. (AC +1)
You have tough skin. (AC +1)


Message History

You block the hellwing's attack. The hellwing hits you.
The reaper hits you with a +1 scythe of venom!
You are poisoned.
There is an open translucent door, spattered with blood here.
You see here 16 gold pieces.
You mangle the reaper!!
The reaper is moderately wounded.
You feel sick. You block the hellwing's attack. x2
The reaper hits you with a +1 scythe of venom!!
You claw the reaper!
The reaper is heavily wounded.
You feel sick.
The hellwing becomes distracted by the nearby gold, dreaming of imaginary riches.
You block the reaper's attack.
The hellwing gives a chilling moan.
You scratch the reaper.
The reaper is heavily wounded.
You feel sick. You block the reaper's attack.
You scratch the reaper.
The reaper is heavily wounded.
You feel sick. You block the reaper's attack.
You claw the reaper!
The reaper is severely wounded.
You feel sick.
The hellwing is no longer distracted by gold.
You block the hellwing's attack. x2
The reaper hits you with a +1 scythe of venom!!!
* * * LOW HITPOINT WARNING * * *
You are more poisoned.
You feel much better.
You feel very sick. You block the hellwing's attack.
The hellwing closely misses you. You block the reaper's attack.
You claw the reaper!
The reaper is almost dead.
You feel very sick.
The hellwing becomes distracted by the nearby gold, dreaming of imaginary riches.
The reaper hits you with a +1 scythe of venom!!!
You die...
Your body crumbles into a pile of gold.

#3#.3.#...#########...##
#######...............≈#
........8.....8.....8.##
.8.....................##
.........###########...≈#
######...#...+..+..#...##
#.##.#...#...+..+^.#.∩.≈#
..#.######[.##++#++#...##
##..##...#..'..4@..#...≈#
#©##h#©.©#©.'..2#.©#©8§##
..#.##...#).'...+..#...§#
##..######(.##++#++#..§##
#.##.#...#...+..+^.#.∩.§#
######...#...+..+..#..§##
.........###########..§§#
.8.....................##
........8.....8.....8§##


You could see a reaper and a hellwing (unaware).

Vanquished Creatures
  The ghost of Orlauf the Wallflower, a journeyman DsGl of Uskayaw (D:14)
  2 boulder beetles
  A hydra (D:11)
  2 two-headed ogres (D:10)
  3 centaur warriors
  Sonja (D:10)
  A skeletal warrior (D:13)
  A wizard (D:14)
  A deep elf archer (D:13)
  A deep elf pyromancer (D:13)
  A phantasmal warrior (D:14)
  A deep elf zephyrmancer (D:13)
  3 cyclopes
  2 ugly things (D:13)
  3 manticores
  A gargoyle (D:12)
  4 centaur skeletons (D:13)
  A kobold demonologist (D:13)
  An unseen horror (D:12)
  2 freezing wraiths (D:14)
  2 komodo dragons (D:12)
  Grinder (D:4)
  A spriggan (D:7)
  Sigmund (D:3)
  The ghost of thegreatwait the Magician, an amateur DEAE (D:5)
  7 wraiths
  3 shadows
  A wyvern (D:9)
  A basilisk (D:13)
  6 yaks (D:8)
  9 vampire mosquitoes
  A steam dragon (D:6)
  2 wargs (D:12)
  3 acid dragons
  3 water moccasins
  7 orc warriors
  3 black bears
  A sky beast (D:7)
  2 ice beasts
  2 ogres (D:5)
  3 necrophages
  3 centaurs
  5 kobold brigands
  2 bullfrogs
  3 scorpions
  A water moccasin zombie (D:7)
  6 killer bees
  9 wights
  4 howler monkeys (D:9)
  A crimson imp (D:4)
  5 centaur zombies
  Crazy Yiuf (D:6)
  8 hounds
  2 jellies (D:7)
  A bullfrog skeleton (D:7)
  7 orc priests
  A gnoll shaman (D:10)
  4 iguanas
  12 orc wizards
  A killer bee zombie (D:8)
  A hound skeleton (D:5)
  9 mummies
  8 gnolls
  2 adders
  4 shadow imps
  A white imp (D:6)
  2 worms
  18 orcs
  5 ball pythons
  6 endoplasms
  4 giant cockroaches
  3 gnoll zombies (Ossuary)
  8 goblins
  6 hobgoblins
  4 jackals (D:3)
  10 kobolds
  4 quokkas
  5 bats
  6 frilled lizards
  2 hobgoblin zombies (Ossuary)
  3 kobold zombies
  2 orc zombies (Ossuary)
  3 rats
285 creatures vanquished.

Vanquished Creatures (others)
  A plant (D:5)
1 creature vanquished.

Grand Total: 286 creatures vanquished

Notes
Turn   | Place    | Note
-------+----------+-------------------------------------------
     0 | D:5      | robertstho the Troll Delver began the quest for the Orb.
     0 | D:5      | Reached XP level 1. HP: 22/22 MP: 0/0
   149 | D:4      | Reached XP level 2. HP: 27/29 MP: 1/1
   201 | D:4      | Noticed a necrophage
   207 | D:4      | Killed a necrophage
   208 | D:4      | Reached XP level 3. HP: 35/36 MP: 2/2
   208 | D:4      | Reached XP level 4. HP: 43/44 MP: 3/3
   257 | D:4      | Found a burning altar of Makhleb.
   257 | D:4      | Found a shimmering altar of Xom.
   453 | D:3      | Noticed Sigmund
   465 | D:3      | Killed Sigmund
   466 | D:3      | Reached skill level 3 in Unarmed Combat
   466 | D:3      | Reached XP level 5. HP: 36/53 MP: 4/4
   466 | D:3      | Reached XP level 6. HP: 42/61 MP: 5/5
   472 | D:3      | Found a broken altar of Ashenzari.
   603 | D:3      | Found a sparkling altar of Nemelex Xobeh.
   719 | D:3      | Noticed Grinder
   732 | D:3      | Paralysed by Grinder for 5 turns
   748 | D:4      | Killed Grinder
   749 | D:4      | Reached skill level 4 in Unarmed Combat
  1360 | D:2      | Reached XP level 7. HP: 50/67 MP: 6/6
  3054 | D:5      | Reached skill level 5 in Unarmed Combat
  3119 | D:5      | Reached skill level 5 in Stealth
  3270 | D:5      | Found a staircase to the Ecumenical Temple.
  3282 | D:5      | Reached XP level 8. HP: 52/75 MP: 7/7
  3289 | Temple   | Entered the Ecumenical Temple
  3532 | Temple   | Became a worshipper of Gozag Ym Sagoz the Greedy
  3563 | D:5      | Found a runed translucent door.
  3670 | D:5      | Reached skill level 6 in Unarmed Combat
  3816 | D:5      | Noticed thegreatwait's ghost (amateur DEAE)
  3827 | D:5      | Killed thegreatwait's ghost
  3914 | D:6      | Identified the +1 cloak of Yredelemnul's Delight {Will++
                  | Int+4}
  4027 | D:6      | Found a snail-covered altar of Cheibriados.
  4086 | D:6      | Reached skill level 7 in Unarmed Combat
  4199 | D:6      | Found Nicedd's Antique Weapon Shoppe.
  4337 | D:6      | Found a runed translucent door.
  4338 | D:6      | Noticed Crazy Yiuf
  4730 | D:6      | Killed Crazy Yiuf
  4731 | D:6      | Reached XP level 9. HP: 62/84 MP: 4/8
  4839 | D:7      | Reached skill level 8 in Unarmed Combat
  5277 | D:7      | Reached skill level 9 in Unarmed Combat
  5620 | D:8      | Found a sand-covered staircase.
  5628 | Ossuary  | Entered an ossuary
  6049 | D:8      | Found a shimmering blue altar of Sif Muna.
  6094 | D:8      | Found a white marble altar of Elyvilon.
  6181 | D:8      | Reached XP level 10. HP: 31/93 MP: 9/9
  6187 | D:8      | Reached skill level 10 in Unarmed Combat
  6561 | D:8      | Found a shadowy altar of Dithmenos.
  6667 | D:8      | Reached skill level 5 in Dodging
  6859 | D:9      | Reached skill level 11 in Unarmed Combat
  7095 | D:9      | Found an iron altar of Okawaru.
  7358 | D:9      | Identified a scroll of acquirement
  7360 | D:9      | Acquired a +2 tower shield of cold resistance
  7376 | D:10     | Entered Level 10 of the Dungeon
  7388 | D:10     | Found a staircase to the Lair.
  7430 | D:10     | Found an ancient bone altar of Kikubaaqudgha.
  7498 | D:10     | Noticed Sonja
  7511 | D:10     | Killed Sonja
  7526 | D:10     | Identified the +1 robe "Xutuxkoc" {-Cast +Inv rC+ MP+9}
  7609 | D:10     | Noticed a two-headed ogre
  7625 | D:10     | Killed a two-headed ogre
  7626 | D:10     | Reached XP level 11. HP: 34/101 MP: 10/10
  7633 | D:10     | Acquired the ring of Igimen {rPois rF+ rN+ Slay+2 Stlth-}
  7692 | D:10     | Found Utapatz's Weapon Emporium.
  7824 | D:10     | Found a hazy altar of Hepliaklqana.
  7908 | D:10     | Noticed a two-headed ogre
  7918 | D:10     | Killed a two-headed ogre
  7919 | D:10     | Reached skill level 1 in Shields
  7919 | D:10     | Reached skill level 12 in Unarmed Combat
  7935 | D:10     | Found a blossoming altar of Fedhas.
  7955 | D:10     | Noticed an oklob plant
  9148 | D:11     | Noticed an eight-headed hydra
  9153 | D:11     | Killed an eight-headed hydra
  9419 | D:12     | Found Hyneatos's Book Boutique.
  9437 | D:12     | Found Jyrrope's Book Emporium.
  9461 | D:12     | Reached skill level 5 in Fighting
  9503 | D:12     | Found Vearotio's Antique Weapon Shoppe.
  9556 | D:12     | Found a staircase to the Orcish Mines.
  9567 | D:12     | Bought an ichor-stained great sword for 368 gold pieces
  9567 | D:12     | Identified the +9 great sword "Ryath" {elec, +Blink} (You
                  | bought it in a shop on level 12 of the Dungeon)
  9569 | D:12     | Bought a potion of heal wounds for 75 gold pieces
  9569 | D:12     | Bought a potion of resistance for 150 gold pieces
  9569 | D:12     | Bought a potion of curing for 45 gold pieces
  9569 | D:12     | Bought a potion of heal wounds for 75 gold pieces
  9569 | D:12     | Bought a potion of degeneration for 15 gold pieces
  9569 | D:12     | Bought a potion of might for 60 gold pieces
  9630 | D:12     | Found Dilinn's Book Emporium.
  9667 | D:12     | Noticed a boulder beetle
  9667 | D:12     | Noticed a centaur warrior
  9684 | D:12     | Killed a centaur warrior
  9718 | D:12     | Killed a boulder beetle
  9780 | D:12     | Found Erauz's Weapon Emporium.
  9929 | D:12     | Reached skill level 13 in Unarmed Combat
 10092 | D:13     | Found a runed translucent door.
 10093 | D:13     | Noticed an orange crystal statue
 10168 | D:13     | Noticed a white ugly thing
 10176 | D:13     | Killed a white ugly thing
 10177 | D:13     | Reached XP level 12. HP: 101/111 MP: 11/11
 10209 | D:13     | Noticed a centaur warrior
 10218 | D:13     | Killed a centaur warrior
 10324 | D:13     | Noticed a boulder beetle
 10340 | D:13     | Killed a boulder beetle
 10525 | D:13     | Reached skill level 5 in Shields
 10562 | D:13     | Found a gate to the Vaults.
 10603 | D:13     | Noticed a centaur warrior
 10616 | D:13     | Killed a centaur warrior
 11649 | D:14     | Reached skill level 14 in Unarmed Combat
 11682 | D:14     | Found a runed translucent gate.
 11682 | D:14     | Found a runed translucent gate.
 11683 | D:14     | Found a runed translucent gate.
 11685 | D:14     | Noticed Orlauf's ghost (journeyman DsGl)
 11686 | D:14     | Found the ring of the Mage {Wiz Will++ Int+3}
 12267 | D:14     | HP: 5/113 [Orlauf's ghost (10)]
 12357 | D:14     | Killed Orlauf's ghost
 12435 | D:15     | Entered Level 15 of the Dungeon
 12435 | D:15     | Found a gate leading to a gauntlet.
 12440 | Gauntlet | Entered a Gauntlet
 12440 | Gauntlet | Found a large runed translucent door.
 12440 | Gauntlet | Found a large runed translucent door.
 12440 | Gauntlet | Found a large runed translucent door.
 12440 | Gauntlet | Found a large runed translucent door.
 12440 | Gauntlet | Found a large runed translucent door.
 12440 | Gauntlet | Found a large runed translucent door.
 12440 | Gauntlet | Found a runed translucent door.
 12440 | Gauntlet | Found a transporter.
 12440 | Gauntlet | Found a runed translucent door.
 12440 | Gauntlet | Found a large runed translucent door.
 12440 | Gauntlet | Found a large runed translucent door.
 12440 | Gauntlet | Found a large runed translucent door.
 12440 | Gauntlet | Found a large runed translucent door.
 12440 | Gauntlet | Found a large runed translucent door.
 12440 | Gauntlet | Found a large runed translucent door.
 12442 | Gauntlet | Found a runed translucent door.
 12443 | Gauntlet | Found a transporter.
 12457 | Gauntlet | Found a runed translucent door.
 12459 | Gauntlet | Found a transporter.
 12463 | Gauntlet | Found a transporter.
 12478 | Gauntlet | Found a transporter.
 12493 | Gauntlet | Found a transporter.
 12497 | Gauntlet | Found a transporter.
 12500 | Gauntlet | Found a transporter.
 12502 | Gauntlet | Found a runed translucent gate.
 12502 | Gauntlet | Found a runed translucent gate.
 12503 | Gauntlet | Found a large runed translucent door.
 12503 | Gauntlet | Found a large runed translucent door.
 12504 | Gauntlet | Found a runed translucent gate.
 12504 | Gauntlet | Noticed a reaper
 12526 | Gauntlet | Found a transporter.
 12540 | Gauntlet | Found a transporter.
 12544 | Gauntlet | Found a transporter.
 12546 | Gauntlet | Noticed a dire elephant
 12552 | Gauntlet | Found a transporter.
 12565 | Gauntlet | Found a large runed translucent door.
 12566 | Gauntlet | Found a large runed translucent door.
 12645 | Gauntlet | Mangled by a reaper

Illustrated notes

Levels and vault maps discovered:
D:1:      minmay_arrival_jagged, layout_loops_ring
D:2:      layout_basic, corexii_leaking_fountain,
          minmay_fractal_squares_gapless_5
D:3:      layout_basic, lemuel_coloured_pillars_altar, old_standard_altar,
          uniq_grinder, uniq_sigmund
D:4:      layout_basic, grunt_temple_overflow_champion_of_chaos, st_stairs_3,
          kennysheep_generic_room_12
D:5:      layout_rooms, minmay_temple_entry_hall, ebering_ghost_reflecting_pool,
          minmay_misc_feat_four_crosses, serial_bayou_lake_a
D:6:      layout_layer_cave, lemuel_crystal_altar, serial_shops,
          nicolae_shop_crystal, st_stairs_6, uniq_crazy_yiuf_cottage
D:7:      layout_basic, the_bakery
D:8:      layout_basic, elyvilon_altar_1, lemuel_round_altar,
          grunt_dithmenos_smoke_and_mirrors, nicolae_ossuary_entry_giza,
          chequers_serial_rivers_micro_c, minmay_bent
D:9:      layout_cross, okawaru_gym_becter, amcnicky_mini_pool_medium
D:10:     layout_roguey, tgw_fedhas, lemuel_doored_altar,
          nicolae_kikubaaqudgha_miasma_corner, dpeg_oklobed_lair, serial_shops,
          shop, uniq_sonja
D:11:     layout_basic
D:12:     layout_rooms, minmay_orc_entry_guard_dogs, serial_shops, shop, shop,
          shop, shop_statue, nicolae_shop_trees
D:13:     layout_basic, hangedman_vaults_entry_quadrant_bands,
          minmay_crystal_box
D:14:     layout_cave_pods, chequers_garden, gammafunk_ghost_spectres
D:15:     grunt_enter_depths_snipers, layout_basic,
          nicolae_trove_entry_diagonal, gauntlet_entry_generic,
          nrook_mini_vaults, grunt_ministairs_15, minivault_1, uniq_azrael
Temple:   dpeg_chambers_temple
Gauntlet: minmay_gauntlet_mixed_oops_all_seconds
          [minmay_gauntlet_arena_77_cramped,
          minmay_gauntlet_arena_make_your_own_arena,
          minmay_gauntlet_arena_77_broken_ladder,
          gammafunk_gauntlet_arena_chambers,
          minmay_gauntlet_arena_77_tiled_triplets,
          gammafunk_gauntlet_arena_spirals, gauntlet_exit_watery]

Skill      XL: |  1  2  3  4  5  6  7  8  9 10 11 12 |
---------------+-------------------------------------+-----
Stealth        | 3 4 5 6 |  6.7
Fighting       | 3 4 5 |  5.9
Dodging        | 2 3 4 5 6 7 |  7.8
Unarmed Combat | 3 4 5 7 9 11 13 14 | 14.2
Shields        | 4 6 |  6.6
Throwing       | |  0.9
Evocations     | |  0.9

Action                   |  1- 3 |  4- 6 |  7- 9 | 10-12 || total
-------------------------+-------+-------+-------+-------++-------
Melee: Unarmed           |    21 |    63 |   313 |   531 ||   928
       Punch             |       |     2 |    13 |     8 ||    23
Throw: Large rock        |       |       |       |     8 ||     8
Invok: Call Merchant     |       |       |       |     1 ||     1
Evoke: Wand              |       |       |       |     8 ||     8
       Tin of tremorston |       |       |       |     3 ||     3
  Use: Potion            |       |     3 |       |     8 ||    11
       Scroll            |       |       |    11 |    13 ||    24
 Stab: Sleeping          |     2 |     9 |    23 |    12 ||    46
       Distracted        |       |       |     2 |     4 ||     6
Armor: Robe              |     5 |    17 |    56 |   125 ||   203
Dodge: Dodged            |     7 |    34 |   139 |   173 ||   353
Block: Tower shield      |       |       |       |   455 ||   455

Table legend: (Time is in decaauts)
 A = Elapsed time spent in this place.
 B = Non-inter-level travel time spent in this place.
 C = Inter-level travel time spent in this place.
 D = Time resting spent in this place.
 E = Time spent auto-exploring this place.
 F = Levels seen in this place.
 G = Mean time per level.
                   A        B        C        D        E       F      G
               +--------+--------+--------+--------+--------+-----+--------+
         Total |  12693 |  11576 |   1117 |    214 |   8984 |  18 |  705.2 |
       Dungeon |  12002 |  10948 |   1054 |    214 |   8527 |  15 |  800.1 |
        Temple |    270 |    207 |     63 |      0 |    206 |   1 |  270.0 |
       Ossuary |    215 |    215 |      0 |      0 |     99 |   1 |  215.0 |
      Gauntlet |    204 |    204 |      0 |      0 |    152 |   1 |  204.0 |
               +--------+--------+--------+--------+--------+-----+--------+

Top non-repeatable levels by time:
    D:13: 1448 daAuts
     D:8: 1111 daAuts
     D:6: 996 daAuts
    D:14: 981 daAuts
     D:4: 916 daAuts
    D:10: 902 daAuts
     D:7: 850 daAuts
     D:5: 770 daAuts
     D:2: 761 daAuts
     D:3: 723 daAuts
     D:1: 660 daAuts
    D:11: 656 daAuts
    D:12: 654 daAuts
     D:9: 563 daAuts
  Temple: 270 daAuts
